 Dungeon Crawl Stone Soup version 0.18.1-8-gdd0e5ea (webtiles) character file.

8 Matsuo the Skirmisher (level 2, 0/24 HPs)
             Began as a Demonspawn Abyssal Knight on June 9, 2016.
             Was an Initiate of Lugonu.
             Slain by a kobold
             ... wielding a +0 short sword
              (2 damage)
             ... on level 1 of the Dungeon.
             The game lasted 00:01:24 (703 turns).

Matsuo the Skirmisher (Demonspawn Abyssal Knight)    Turns: 703, Time: 00:01:24

Health: 0/24       AC:  3    Str: 12    XL:     2   Next: 0%
Magic:  3/3        EV: 11    Int: 13    God:    Lugonu [......]
Gold:   18         SH:  0    Dex: 14    Spells: 0 memorised, 1 level left

rFire  . . .     SeeInvis .     a - +1 mace
rCold  . . .     Gourm    .     b - +0 leather armour
rNeg   . . .     Faith    .     (no shield)
rPois  .         Spirit   .     (no helmet)
rElec  .         Dismiss  .     (no cloak)
rCorr  +         Reflect  .     (no gloves)
SustAt .         Harm     .     (no boots)
MR     .....                    (no amulet)
Stlth  ++........               (no ring)
                                i - ring of resist corrosion

@: not resistant to hostile enchantments, unstealthy
A: thin skeletal structure 1
a: Renounce Religion


You were on level 1 of the Dungeon.
You worshipped Lugonu.
Lugonu was noncommittal.
You were not hungry.

You visited 1 branch of the dungeon, and saw 1 of its levels.
You visited the Abyss 1 time.

You collected 18 gold pieces.

Inventory:

Hand Weapons
 a - a +1 mace (weapon)
Armour
 b - a +0 leather armour (worn)
Jewellery
 i - a ring of resist corrosion (left hand)
Wands
 e - a wand of teleportation (1/9)
Scrolls
 d - 2 scrolls of identify {unknown}
 f - a scroll of fear {unknown}
 h - a scroll of immolation {unknown}
 j - a scroll of enchant armour {unknown}
Potions
 g - a potion of cancellation {unknown}
 k - a potion of lignification {unknown}
Comestibles
 c - a bread ration
 l - a chunk of flesh


   Skills:
 + Level 3.3 Fighting
 + Level 1.8 Maces & Flails
 + Level 2.0 Armour
 + Level 0.8 Dodging
 + Level 2.5 Invocations


You had one spell level left.
You didn't know any spells.

Dungeon Overview and Level Annotations

Branches:
Dungeon (1/15)

Altars:


Innate Abilities, Weirdness & Mutations

You have a somewhat thin skeletal structure (Dex +2, Stealth).


Message History

You are too injured to fight recklessly!
You are too injured to fight recklessly!
You hit the kobold.
The kobold is severely wounded.
The kobold closely misses you.
You completely miss the kobold.
The kobold is severely wounded.
The kobold hits you with a club.
* * * LOW HITPOINT WARNING * * *
You hit the kobold.
You kill the kobold!
Lugonu accepts your kill.
You have reached level 2!
Your demonic ancestry asserts itself...
Your bones become slightly less dense.
You barely miss the kobold. The kobold hits you but does no damage.
You closely miss the kobold. The kobold hits you with a short sword.
* * * LOW HITPOINT WARNING * * *
The kobold hits you with a short sword.
You die...

.. .#
################
.#
...............#
K# #
##############.#
.##.# # #.#
....# # #.###..#
# #..@K..#
######.# #


You could see a kobold.

Vanquished Creatures
  A goblin (D:1)
  3 hobgoblins (D:1)
  A kobold (D:1)
  A bat (D:1)
  A rat (D:1)
7 creatures vanquished.

Notes
Turn   | Place    | Note
--------------------------------------------------------------
     0 | Abyss:1  | Matsuo the Demonspawn Abyssal Knight began the quest for the Orb.
     0 | Abyss:1  | Reached XP level 1. HP: 18/18 MP: 2/2
   107 | Abyss:2  | Noticed a spatial maelstrom
   110 | Abyss:2  | Noticed a spatial vortex
   111 | Abyss:2  | Noticed a spatial vortex
   111 | Abyss:2  | Noticed a spatial vortex
   113 | Abyss:2  | Noticed a spatial vortex
   119 | Abyss:2  | Noticed a spatial vortex
   120 | Abyss:2  | Noticed a spatial vortex
   172 | Abyss:3  | Noticed a starcursed mass
   176 | D:1      | Escaped the Abyss
   701 | D:1      | Gained mutation: You have a somewhat thin skeletal structure (Dex +2, Stealth). [demonic ancestry]
   701 | D:1      | Reached XP level 2. HP: 4/24 MP: 3/3
   703 | D:1      | Slain by a kobold

Skill      XL: |  1 |
---------------+----+-----
Armour         | 2 |  2.0
Fighting       | |  3.3
Maces & Flails | |  1.8
Dodging        | |  0.8
Invocations    | |  2.5

Action                   || total
-------------------------++-------
Melee: Mace              ||    22
Invok: Depart the Abyss  ||     1
Armor: Leather armour    ||     5
Dodge: Dodged            ||    15
